AoeStats
← RedPhosphoru

Arabia

508315941Analyzed
2v2 RM · 10d ago on Sep 21, 2026· 19m 24s· 4 players
Game mode
Random Map
Map size
Medium (4 player)
Population
200
Speed
Normal
Resources
Standard
Victory
Conquest
Starting age
Dark Age
Ending age
Imperial Age
RankedLock teamsTeams togetherTeam positionsShared explorationLock speedFull tech treeHidden civsTurbo modeCheats
Victory
Defeat
🇺🇾 Maya · Uruguay
1900
+6
🇺🇸 Bulgarians · United States
1843
+7
🇫🇷 Saracens · France
1645
-7
🇧🇪 Franks · Belgium
1624
-6
RedPhosphoru
8:04 Loom
10:32 Feudal Age
14:23 Castle Age
14:21 Double-Bit Axe
15:42 Scale Barding Armor
17:43 Chain Barding Armor
Mamboreta
0:26 Loom
8:53 Feudal Age
9:26 Double-Bit Axe
15:31 Fletching
21:34 Castle Age
MaitreCoq
6:01 Loom
9:10 Feudal Age
14:43 Fletching
17:13 Padded Archer Armor
Ramel
7:04 Loom
9:24 Feudal Age
10:20 Double-Bit Axe
16:25 Forging
17:06 Scale Barding Armor
Connection lost

Rejoining the realm…

Still unreachable

The connection could not be restored.

Session expired

The server has moved on; the page needs a fresh start.